 Dungeon Crawl Stone Soup version 0.32-a0-859-gb0a091d592 (webtiles) character file.

Game seed: 11147769717537915055

29236 greenreed the Warrior (level 13, -3/183 (189) HPs)
             Began as a Minotaur Fighter on Mar 27, 2024.
             Was a Priest of Yredelemnul.
             Slain by Frances
             ... wielding a +0 long sword
              (27 damage)
             ... on level 13 of the Dungeon.
             The game lasted 00:35:27 (14307 turns).

greenreed the Warrior (Minotaur Fighter)           Turns: 14307, Time: 00:35:28

HP:   -3/183 (189)  AC: 16    Str: 25    XL:     13   Next: 14%
MP:   17/17         EV:  8    Int:  5    God:    Yredelemnul [***...]
Gold: 777           SH:  7    Dex: 17    Spells: 12/12 levels left

rFire   + . .        q - +1 whip (elec)
rCold   . . .        c - +0 buckler
rNeg    . . .        y - +3 chain mail
rPois   +            (helmet restricted)
rElec   .            (no cloak)
rCorr   .            C - +0 pair of gloves
SInv    .            (no boots)
Will    +....        (no amulet) Stlth
                     l - ring of willpower
HPRegen 0.50/turn    F - ring "Pibb" {rPois rF+ Dex+6}
MPRegen 0.15/turn

%: no passive effects
@: berserking, silenced, wreathed by umbra, lightly drained, very quick
A: horns 2, retaliatory headbutt
a: Renounce Religion


You were on level 13 of the Dungeon.
You worshipped Yredelemnul.
Yredelemnul was noncommittal.
You visited 2 branches of the dungeon, and saw 14 of its levels.
You also visited: Ice Cave.

You collected 909 gold pieces.
You spent 132 gold pieces at shops.

Inventory:

Hand Weapons
 a - the +5 mace of Hell's Wrath {flame, +Blink rF+ Dex+3}
   (You found it on level 3 of the Dungeon)

   Dex+3:     It affects your dexterity (+3).
   rF+:       It protects you from fire.
   +Blink:    It lets you blink.
 q - a +1 whip of electrocution (weapon)
 x - a +4 sling
Missiles
 r - 9 atropa-tipped darts (quivered)
 B - a throwing net
 L - 2 curare-tipped darts
Armour
 c - a +0 buckler (worn)
 y - a +3 chain mail (worn)
 C - a +0 pair of gloves (worn)
Jewellery
 l - a ring of willpower (left hand)
 F - the ring "Pibb" (right hand) {rPois rF+ Dex+6}
   (You found it on level 10 of the Dungeon)

   [ring of dexterity]

   Dex+6:     It affects your dexterity (+6).
   rF+:       It protects you from fire.
   rPois:     It protects you from poison.
 H - a ring of protection from fire
 K - a ring of protection from cold
Wands
 u - a wand of roots (11)
 E - a wand of digging (13)
 J - a wand of charming (8)
 O - a wand of mindburst (9)
Scrolls
 b - 2 scrolls of butterflies
 d - 4 scrolls of immolation
 e - 8 scrolls of teleportation
 g - a scroll of poison {unknown}
 h - 2 scrolls of blinking
 n - 5 scrolls of amnesia
 s - a scroll of enchant weapon
 D - a scroll of torment
 G - a scroll of enchant armour {unknown}
 I - a scroll of fear {unknown}
 N - a scroll of revelation {unknown}
 P - 2 scrolls of fog {unknown}
 R - a scroll of identify
 S - a scroll of noise {unknown}
Potions
 f - a potion of heal wounds
 i - 5 potions of curing
 k - 5 potions of cancellation
 m - 4 potions of mutation
 p - 2 potions of might
 t - 2 potions of enlightenment {unknown}
 v - 2 potions of resistance
 w - 4 potions of haste
 z - 2 potions of ambrosia {unknown}
 A - 3 potions of degeneration
 M - a potion of invisibility {unknown}
Miscellaneous
 Q - a condenser vane (inert)


   Skills:
 * Level 15.1 Fighting
 * Level 14.8 Maces & Flails
 + Level 11.2 Armour
 + Level 11.3 Shields
 + Level 6.7 Invocations


You had 12 spell levels left.
You didn't know any spells.
Your spell library contained the following spells:

 Spells                   Type           Power      Damage    Failure   Level
 Shock                    Conj/Air       0%         1d3       93%         1
 Ensorcelled Hibernation  Hex/Ice        0%         N/A       98%         2
 Sublimation of Blood     Necr           0%         N/A       98%         2
 Fugue of the Fallen      Necr           0%         N/A       100%        3
 Summon Ice Beast         Ice/Summ       0%         N/A       100%        3
 Swiftness                Air            0%         N/A       100%        3
 Tukima's Dance           Hex            0%         N/A       100%        3
 Airstrike                Air            0%         2d(0-16)  100%        4
 Anguish                  Hex/Necr       0%         N/A       100%        4
 Dimensional Bullseye     Hex/Tloc       0%         N/A       100%        4
 Iskenderun's Mystic Bla Conj/Tloc 0%             2d3        (+2d1     100%        4
 Leda's Liquefaction      Alch/Erth      0%         N/A       100%        4
 Petrify                  Alch/Erth      0%         N/A       100%        4
 Irradiate                Conj/Alch      0%         3d11      100%        5
 Metabolic Englaciation   Hex/Ice        0%         N/A       100%        5
 Summon Mana Viper        Hex/Summ       0%         N/A       100%        5
 Monstrous Menagerie      Summ           0%         N/A       100%        7


Dungeon Overview and Level Annotations

Branches:
Dungeon (13/15)            Temple (1/1) D:7            Lair (0/5) D:9
    Orc (0/2) D:12          IceCv (visited)
 Vaults: D:13-14

Altars:
Ashenzari
Cheibriados
Dithmenos
Elyvilon
Fedhas
Gozag
Hepliaklqana
Kikubaaqudgha
Makhleb
Nemelex Xobeh
Okawaru
Qazlal
Ru
Sif Muna
Trog
Uskayaw
Vehumet
Wu Jian
Xom
Yredelemnul
Zin
The Shining One

Shops:
D:1 ([:   D:10 :

Annotations:
D:13 Frances


Innate Abilities, Weirdness & Mutations

You have a pair of horns on your head.
You reflexively headbutt those who attack you in melee.


Message History

Frances struggles to escape constriction.
Unknown command.
Unknown command.
Clouds condense from the air!
The condenser dries out!
The grasping roots constrict Frances.
Frances is engulfed in freezing vapours.
Frances escapes!
Frances whispers indecipherable words.
Unknown command.
As you read the scroll of silence, it crumbles to dust.
A profound silence engulfs you.
The soul eater is engulfed in blazing flames.
Unknown command.
The sun demon hits you!
You are engulfed in flames!
You resist. Frances hits you with a +0 long sword!!
You hit Frances but do no damage. Lightning courses through Frances!!
Frances is heavily wounded.
The sun demon hits you!
You are engulfed in flames!
You resist.
* * * LOW HITPOINT WARNING * * *
A red film seems to cover your vision as you go berserk!
You feel yourself moving faster!
You feel mighty! Frances hits you with a +0 long sword!!
* * * LOW HITPOINT WARNING * * *
Frances hits you but does no damage. You block the sun demon's attack.
Unknown command.
You whack Frances! You headbutt Frances!!
Frances is severely wounded.
You barely miss Frances. You headbutt Frances!
Frances is severely wounded.
Frances hits you with a +0 long sword.
* * * LOW HITPOINT WARNING * * *
You block the sun demon's attack.
Unknown command.
You hit Frances.
Frances is severely wounded.
You barely miss Frances. Your headbutt misses Frances.
Frances is severely wounded.
Frances hits you with a +0 long sword!!
You die...
Your body rises from the dead as a mindless zombie.

#.).........#.# #..
#...........#.# #..
#.......##+##.# #..
#....§.§# ..# #.. ##...§§.#
..# #.. #....§.# ..# ##.
#......# .# #. #...3@.#
######. #....@3# ........
#......# ........ #......#
........ ######......#
#######....
#...........#####.....#....
#.....................#+###
##.#######.................
#.#.....#.##++###.........
#.#.....#.#.....#.........


You could see Frances (fast), a soul eater (summoned, unsilenced) and a sun
demon (summoned).

Vanquished Creatures
  Erica (D:11)
  3 centaur warriors
  A boulder beetle (D:12)
  A two-headed ogre (D:10)
  A death knight (D:12)
  Urug (D:10)
  Nergalle (D:10)
  A deep elf pyromancer (D:12)
  3 manticores
  An ugly thing (IceCv)
  4 cyclopes
  An ice statue (IceCv)
  4 centaur zombies (D:10)
  3 centaur skeletons (D:10)
  A yaktaur (D:12)
  2 unseen horrors
  A rime drake (D:13)
  Psyche (D:11)
  2 trolls
  2 hellwings (D:10)
  2 polar bears (D:13)
  A queen bee (shapeshifter) (D:13)
  Grinder (D:3)
  Prince Ribbit (D:7)
  2 hornets
  2 shadows (D:12)
  21 yaks
  A vampire (D:12)
  2 wyverns
  7 wraiths
  3 steam dragons
  2 wargs (D:12)
  Edmund (D:5)
  2 acid dragons
  2 water moccasins
  6 orc warriors
  An ice beast (D:8)
  4 laughing skulls (D:13)
  A black bear (D:7)
  4 sky beasts
  3 ogres (D:5)
  2 wolves (D:13)
  A phantom (D:5)
  4 centaurs
  3 kobold brigands
  3 bullfrogs
  A scorpion (D:5)
  5 wights
  6 killer bees
  4 howler monkeys
  A bombardier beetle (D:6)
  2 hounds
  4 orc priests
  4 gnoll boudas
  7 iguanas
  2 sleepcaps
  Ijyb (D:5)
  6 orc wizards
  A human simulacrum (D:10)
  5 adders
  22 gnolls
  A river rat (D:9)
  3 shadow imps
  3 ribbon worms
  A dart slug (D:2)
  36 orcs
  2 bats (D:2)
  8 endoplasms
  A giant cockroach (D:1)
  9 goblins
  4 hobgoblins
  3 jackals (D:3)
  4 quokkas
  14 ball pythons
  3 frilled lizards
  16 kobolds
  6 rats
302 creatures vanquished.

Vanquished Creatures (collateral kills)
  2 two-headed ogres
  Sonja (D:11)
  An ugly thing (IceCv)
  A manticore (D:13)
  An ice statue (IceCv)
  An efreet (D:13)
  A slime creature (D:12)
  3 yaks
  2 wraiths (D:12)
  2 death yak simulacra (IceCv)
  A black bear (D:9)
  An orc warrior (D:11)
  An ogre (D:7)
  An elephant simulacrum (IceCv)
  An orc priest (D:9)
  2 gnolls (D:7)
  2 shadow imps (D:10)
  6 orcs
  A kobold (D:9)
  2 butterflies (D:9)
33 creatures vanquished.

Vanquished Creatures (others)
  A spectral hellwing (D:10)
  An elf zombie (D:12)
  A manticore zombie (D:13)
  A warg zombie (D:12)
  3 yak zombies (D:10)
  A water moccasin zombie (D:8)
  A troll zombie (D:12)
  A polar bear zombie (D:13)
  2 bullfrog zombies
  2 acid dragon zombies
  3 killer bee zombies (D:9)
  A human simulacrum (D:10)
  A howler monkey zombie (D:10)
  5 gnoll zombies
  A spectral shadow imp (D:10)
  4 kobold zombies (D:9)
  6 orc zombies
35 creatures vanquished.

Grand Total: 370 creatures vanquished

Notes
Turn   | Place    | Note
-------+----------+-------------------------------------------
     0 | D:1      | greenreed the Minotaur Fighter began the quest for the Orb.
     0 | D:1      | Reached XP level 1. HP: 19/19 MP: 0/0
     2 | D:1      | Found Geucobry's Armour Boutique.
     4 | D:1      | Found Celaf's Book Emporium.
   143 | D:1      | Found Geuxuofi's Weapon Emporium.
   145 | D:1      | Found a faded altar of an unknown god.
   340 | D:1      | Reached skill level 4 in Fighting
   340 | D:1      | Reached XP level 2. HP: 18/27 MP: 1/1
   935 | D:2      | Reached XP level 3. HP: 29/33 MP: 2/2
  1037 | D:2      | Reached XP level 4. HP: 41/41 MP: 3/3
  1683 | D:1      | Bought a +1 whip of electrocution for 132 gold pieces
  1786 | D:3      | Noticed Grinder
  1802 | D:3      | Killed Grinder
  1803 | D:3      | Reached skill level 5 in Fighting
  1803 | D:3      | Reached skill level 5 in Maces & Flails
  1803 | D:3      | Reached XP level 5. HP: 50/50 MP: 4/4
  1803 | D:3      | Reached XP level 6. HP: 57/57 MP: 5/5
  1970 | D:3      | Identified the +5 mace of Hell's Wrath {flame, +Blink rF+
                  | Dex+3}
  2157 | D:4      | Found a shimmering blue altar of Sif Muna.
  2270 | D:4      | Reached skill level 6 in Fighting
  2392 | D:4      | Reached skill level 5 in Armour
  2392 | D:4      | Reached skill level 5 in Shields
  2392 | D:4      | Reached XP level 7. HP: 55/63 MP: 6/6
  2835 | D:5      | Entered Level 5 of the Dungeon
  2952 | D:5      | Noticed Ijyb
  3134 | D:5      | Killed Ijyb
  3318 | D:5      | Reached skill level 7 in Fighting
  3480 | D:5      | Noticed Edmund
  3488 | D:5      | Killed Edmund
  3489 | D:5      | Reached XP level 8. HP: 73/73 MP: 7/7
  3543 | D:5      | Found an iron altar of Okawaru.
  4172 | D:6      | Reached skill level 8 in Fighting
  4578 | D:6      | Reached skill level 9 in Fighting
  4578 | D:6      | Reached XP level 9. HP: 83/83 MP: 8/8
  4888 | D:7      | Noticed a troll
  4898 | D:7      | Killed a troll
  5205 | D:7      | Noticed Prince Ribbit
  5210 | D:7      | Killed Prince Ribbit
  5211 | D:7      | Reached skill level 10 in Fighting
  5311 | D:7      | Found a staircase to the Ecumenical Temple.
  5328 | Temple   | Entered the Ecumenical Temple
  5368 | Temple   | Became a worshipper of Yredelemnul the Fallen
  5490 | D:7      | Paralysed by a hornet for 1 turns
  5674 | D:7      | Reached skill level 10 in Maces & Flails
  5710 | D:7      | Reached skill level 1 in Invocations
  6290 | D:8      | Reached XP level 10. HP: 70/94 MP: 10/10
  6446 | D:8      | Found a shadowy altar of Dithmenos.
  6577 | D:8      | Reached * piety under Yredelemnul
  7284 | D:8      | Paralysed by a hornet for 3 turns
  7292 | D:8      | Reached skill level 11 in Fighting
  7910 | D:9      | Found a staircase to the Lair.
  8139 | D:9      | Found a shimmering altar of Xom.
  8148 | D:9      | Found a stormy altar of Qazlal.
  8150 | D:9      | Found a sparkling altar of Nemelex Xobeh.
  8150 | D:9      | Found an ornate altar of the Wu Jian Council.
  8150 | D:9      | Found a radiant altar of Vehumet.
  8150 | D:9      | Found a white marble altar of Elyvilon.
  8229 | D:9      | Reached ** piety under Yredelemnul
  8421 | D:9      | Found a burning altar of Makhleb.
  8426 | D:9      | Found an ancient bone altar of Kikubaaqudgha.
  8676 | D:10     | Entered Level 10 of the Dungeon
  8686 | D:10     | Reached skill level 12 in Fighting
  8690 | D:10     | Reached XP level 11. HP: 89/104 MP: 12/12
  8752 | D:10     | Noticed Urug
  8816 | D:10     | Killed Urug
  8826 | D:10     | Your ally Urug died
  8835 | D:10     | Gained mutation: You expend magic power (3 MP) to
                  | strengthen your wands. [potion of mutation]
  8835 | D:10     | Lost mutation: You expend magic power (3 MP) to strengthen
                  | your wands. [potion of mutation]
  9156 | D:10     | Identified the ring "Pibb" {rPois rF+ Dex+6}
  9415 | D:10     | Noticed Nergalle
  9423 | D:10     | Killed Nergalle
  9515 | D:10     | Found Wemidol's Book Boutique.
  9815 | D:10     | Reached skill level 13 in Fighting
  9859 | D:10     | Noticed a two-headed ogre
  9863 | D:10     | Killed a two-headed ogre
 10064 | D:10     | Your ally Nergalle died
 10208 | D:11     | Noticed a two-headed ogre
 10215 | D:11     | Killed a two-headed ogre
 10216 | D:11     | Reached skill level 5 in Invocations
 10237 | D:11     | Noticed Erica
 10245 | D:11     | Killed Erica
 10346 | D:11     | Reached skill level 10 in Shields
 10709 | D:11     | Noticed Psyche
 10709 | D:11     | Noticed Sonja
 10717 | D:11     | Killed Psyche
 10718 | D:11     | Reached skill level 10 in Armour
 10718 | D:11     | Reached XP level 12. HP: 113/115 MP: 14/14
 10722 | D:11     | Killed Sonja
 11573 | D:12     | Found a staircase to the Orcish Mines.
 12321 | D:12     | Reached skill level 14 in Fighting
 12614 | D:12     | Noticed a boulder beetle
 12630 | D:12     | Killed a boulder beetle
 12679 | D:12     | Noticed a centaur warrior
 12680 | D:12     | Noticed a death knight
 12685 | D:12     | Killed a centaur warrior
 12699 | D:12     | Killed a death knight
 13006 | D:12     | Noticed a centaur warrior
 13020 | D:12     | Killed a centaur warrior
 13147 | D:13     | Noticed Frances
 13226 | D:13     | Noticed a centaur warrior
 13234 | D:13     | Killed a centaur warrior
 13409 | D:13     | Noticed a two-headed ogre
 13417 | D:13     | Killed a two-headed ogre
 13428 | D:13     | Found a frozen archway.
 13476 | D:13     | Reached XP level 13. HP: 59/125 MP: 16/16
 13559 | IceCv    | Entered an ice cave
 13571 | IceCv    | Reached *** piety under Yredelemnul
 13572 | IceCv    | Reached skill level 15 in Fighting
 13574 | IceCv    | Found a transporter.
 13586 | IceCv    | Found a transporter.
 13596 | IceCv    | HP: 3/126 [white ugly thing (26)]
 14307 | D:13     | Slain by Frances

Illustrated notes

Levels and vault maps discovered:
D:1:      reono_arrival_forest_river, layout_basic, basic_ecumenical_altar,
          serial_shops, nicolae_shop_peninsula, nicolae_shop_just_a_little_nook,
          nicolae_diamond_shop, chequers_avenue
D:2:      layout_rooms
D:3:      layout_rooms, uniq_grinder
D:4:      layout_loops_ring, mainiacjoe_overflow_alcove_1,
          chequers_serial_rivers_micro_d
D:5:      layout_loops_ring, kennysheep_okawaru_gauntlet,
          kennysheep_generic_room_6, uniq_edmund, uniq_ijyb
D:6:      layout_cave_pools
D:7:      hangedman_cross_stitches, layout_basic, serial_glass, glass_columns_b,
          glass_columns_a, uniq_prince_ribbit1
D:8:      layout_basic, grunt_dithmenos_smoke
D:9:      layout_loops_cross, grunt_temple_overflow_open,
          mainiacjoe_overflow_big_doors, xom_butterflies, dpeg_lair_monsters,
          nrook_mini_vaults
D:10:     cheibrodos_grave_circle, layout_basic, serial_shops, shop,
          grunt_decor_fettered, bh_circular_ruins, uniq_urug, uniq_nergalle
D:11:     layout_gridville, uniq_erica, uniq_psyche, uniq_sonja
D:12:     layout_basic, david_orc_1_choice, chequers_serial_rivers_room_b,
          minmay_shattered_shrine
D:13:     layout_irregular_city, portal_ice_cave_entry_animals_and_master,
          uniq_frances
Temple:   minmay_temple_curvy_loop

Skill      XL: |  1  2  3  4  5  6  7  8  9 10 11 12 13 |
---------------+----------------------------------------+-----
Fighting       | 4 5 6 7 9 10 12 13 14 15 | 15.1
Maces & Flails | 3 5 7 8 10 11 13 14 | 14.8
Shields        | 4 5 6 7 8 10 11 | 11.3
Armour         | 4 5 6 7 8 10 11 | 11.2
Invocations    | 1 3 5 6 |  6.7

Action                     |  1- 3 |  4- 6 |  7- 9 | 10-12 | 13-15 || total
---------------------------+-------+-------+-------+-------+-------++-------
  Melee: Flail             |    49 |    57 |    12 |       |       ||   118
         Headbutt          |     5 |    17 |    65 |   135 |    16 ||   238
         Whip              |       |    86 |   318 |   573 |    51 ||  1028
   Fire: Sling             |       |       |     6 |       |       ||     6
 Invoke: Light the Black T |       |       |     2 |     5 |     1 ||     8
         Hurl Torchlight   |       |       |       |     3 |       ||     3
         Recall Undead Har |       |       |       |     1 |       ||     1
  Evoke: Wand              |       |       |     1 |     7 |     1 ||     9
         Condenser vane    |       |       |       |       |     1 ||     1
    Use: Potion            |       |     1 |       |     2 |     4 ||     7
         Scroll            |       |       |       |    13 |     1 ||    14
   Stab: Distracted        |       |       |       |     6 |     1 ||     7
 Armour: Scale mail        |    15 |       |       |       |       ||    15
         Chain mail        |    24 |   108 |   217 |   357 |    42 ||   748
  Dodge: Dodged            |    11 |    48 |    85 |   127 |     9 ||   280
  Block: Buckler           |    10 |    28 |    55 |    95 |    14 ||   202

Table legend: (Time is in decaauts)
 A = Elapsed time spent in this place.
 B = Non-inter-level travel time spent in this place.
 C = Inter-level travel time spent in this place.
 D = Time resting spent in this place.
 E = Time spent auto-exploring this place.
 F = Levels seen in this place.
 G = Mean time per level.
                   A        B        C        D        E       F      G
               +--------+--------+--------+--------+--------+-----+--------+
         Total |  13986 |  13312 |    674 |   1671 |   9356 |  15 |  932.4 |
       Dungeon |  13648 |  13044 |    604 |   1489 |   9356 |  13 | 1049.8 |
        Temple |     73 |      3 |     70 |      0 |      0 |   1 |   73.0 |
      Ice Cave |    264 |    264 |      0 |    182 |      0 |   1 |  264.0 |
               +--------+--------+--------+--------+--------+-----+--------+

Top non-repeatable levels by time:
    D:12: 2024 daAuts
     D:8: 1435 daAuts
     D:7: 1299 daAuts
     D:5: 1201 daAuts
    D:10: 1190 daAuts
     D:9: 1189 daAuts
     D:1: 1072 daAuts
    D:11: 951 daAuts
     D:4: 841 daAuts
    D:13: 769 daAuts
     D:6: 625 daAuts
     D:2: 603 daAuts
     D:3: 443 daAuts
   IceCv: 264 daAuts
  Temple: 73 daAuts
